 Dungeon Crawl Stone Soup version 0.27-a0-334-g52645efa06 (webtiles) character file.

Game seed: 8095285000994953230

204913 wakim the Spry (level 19, 0/135 HPs)
             Began as an Octopode Transmuter on Feb 13, 2021.
             Was an Initiate of Gozag.
             Slain by a naga
             ... wielding a +0 dire flail
              (14 damage)
             ... on level 4 of the Snake Pit.
             The game lasted 02:43:07 (43685 turns).

wakim the Spry (Octopode Transmuter)               Turns: 43685, Time: 02:43:07

Health: 0/135      AC:  6    Str: 20    XL:     19   Next: 10%
Magic:  27/31      EV: 19    Int: 22    God:    Gozag
Gold:   1863       SH:  0    Dex: 14    Spells: 22/34 levels left

rFire    + + .     SeeInvis +     - Unarmed
rCold    + . .     Faith    .   (shield currently unavailable)
rNeg     + + .     Spirit   .   d - +1 hat of Optimism {rF+ Str+3 Int-3 Stlth+}
rPois    +         Reflect  .   s - amulet of regeneration
rElec    +         Harm     .   J - ring "Olinog" {rPois AC+4 Int+3 SInv}
rCorr    +         Rampage  .   W - ring "Xefar" {rPois rN+ Dex+2}
Will     ++...                  w - +6 ring of strength
Stlth    ++++++++..             F - ring of protection from fire
HPRegen  0.72/turn              h - ring of willpower
MPRegen  0.22/turn              i - ring of resist corrosion
                                N - ring of protection from cold
                                n - ring of the Wild Haggis {+Fly rElec rN+ Stlth+}

@: blade tentacles, gold aura, constricted
A: almost no armour, stealthy swim, amphibious, 8 rings, constrict 8, camouflage
1, gelatinous body 1
a: End Transformation, Renounce Religion, Evoke Flight, Potion Petition, Call
Merchant, Bribe Branch


You were on level 4 of the Snake Pit.
You worshipped Gozag.
Gozag was most pleased with you.
You had blades for tentacles.
You visited 6 branches of the dungeon, and saw 29 of its levels.
You also visited: Ice Cave.

You collected 11405 gold pieces.
You spent 3634 gold pieces at shops.
You paid 5908 gold pieces to Gozag.

Inventory:

Hand Weapons
 a - a +4 hunting sling of flaming
 b - the +3 hand crossbow "Yneittaxt" (melded) {elec, Will++}
   (You found it on level 1 of the Lair of Beasts)

   It charges the ammunition it shoots with electricity; occasionally upon a
   hit, such missiles may discharge and cause terrible harm.
   It affects your willpower, your defense against some magical effects.
Missiles
 p - 82 sling bullets
 O - 170 bolts
Armour
 d - the +1 hat of Optimism (worn) {rF+ Str+3 Int-3 Stlth+}
   (You bought it in a shop on level 5 of the Dungeon)

   It affects your strength (+3).
   It affects your intelligence (-3).
   It protects you from fire.
   It makes you more stealthy.
 z - a +2 buckler
 Z - a +2 kite shield (melded)
Jewellery
 h - a ring of willpower (on tentacle)
 i - a ring of resist corrosion (on tentacle)
 n - the ring of the Wild Haggis (on tentacle) {+Fly rElec rN+ Stlth+}
   (You found it on level 12 of the Dungeon)

   [ring of positive energy]

   It insulates you from electricity.
   It protects you from negative energy.
   It lets you fly.
   It makes you more stealthy.
 s - an amulet of regeneration (around mantle)
 w - a +6 ring of strength (on tentacle)
 B - an amulet of reflection
 C - a ring of protection from fire
 F - a ring of protection from fire (on tentacle)
 J - the ring "Olinog" (left scythe-like blade) {rPois AC+4 Int+3 SInv}
   (You bought it in a shop on level 10 of the Dungeon)

   [ring of protection]

   It affects your AC (+4).
   It affects your intelligence (+3).
   It protects you from poison.
   It lets you see invisible.
 K - a +6 ring of dexterity
 N - a ring of protection from cold (on tentacle)
 R - an amulet of the acrobat
 T - a +4 ring of protection
 W - the ring "Xefar" (right scythe-like blade) {rPois rN+ Dex+2}
   (You found it on level 12 of the Dungeon)

   [ring of poison resistance]

   It affects your dexterity (+2).
   It protects you from poison.
   It protects you from negative energy.
Wands
 l - a wand of iceblast (12)
 r - a wand of polymorph (17)
 X - a wand of mindburst (16)
 Y - a wand of digging (5)
Scrolls
 e - 12 scrolls of teleportation
 j - 8 scrolls of amnesia
 k - 3 scrolls of blinking
 u - 4 scrolls of enchant weapon
 v - 19 scrolls of identify
 A - a scroll of silence
 E - 6 scrolls of enchant armour
 G - 2 scrolls of summoning
 H - a scroll of fog
 Q - 4 scrolls of magic mapping
Potions
 c - 4 potions of might
 f - 15 potions of curing
 g - 6 potions of heal wounds
 m - 7 potions of flight
 o - 6 potions of brilliance
 q - 3 potions of ambrosia
 t - 3 potions of cancellation
 x - a potion of resistance
 D - 3 potions of haste
 I - 2 potions of magic
 P - a potion of berserk rage
 S - 3 potions of attraction
 U - a potion of invisibility


   Skills:
 + Level 13.4 Fighting
 + Level 9.4 Crossbows
 * Level 15.0 Dodging
 - Level 12.0 Stealth
 + Level 8.1 Shields
 * Level 14.6 Unarmed Combat
 - Level 8.0 Spellcasting
 + Level 12.6 Transmutations
 - Level 4.0 Ice Magic
 - Level 5.0 Poison Magic


You had 22 spell levels left.
You knew the following spells:

 Your Spells              Type           Power        Failure   Level
a - Blade Hands           Tmut           29%          16%         5
b - Spider Form           Tmut/Pois      23%          13%         3
c - Ice Form              Ice/Tmut       45%          24%         4

Your spell library contained the following spells:

 Spells                   Type           Power        Failure   Level
 Beastly Appendage        Tmut           100%         5%          1
 Wereblood                Tmut           59%          6%          2
 Ignite Poison            Fire/Tmut/Pois 34%          21%         3
 Poisonous Vapours        Pois/Air       38%          30%         2
 Ensorcelled Hibernation  Hex/Ice        34%          32%         2
 Animate Skeleton         Necr           16%          41%         1
 Apportation              Tloc           16%          41%         1
 Corona                   Hex            8%           41%         1
 Magic Dart               Conj           32%          41%         1
 Summon Small Mammal      Summ           32%          41%         1
 Blink                    Tloc           N/A          47%         2
 Call Imp                 Summ           8%           47%         2
 Slow                     Hex            8%           47%         2
 Mephitic Cloud           Conj/Pois/Air  16%          50%         3
 Call Canine Familiar     Summ           8%           65%         3
 Confusing Touch          Hex            8%           65%         3
 Conjure Flame            Conj/Fire      8%           65%         3
 Dazzling Flash           Conj/Hex       16%          65%         3
 Summon Guardian Golem    Hex/Summ       8%           65%         3
 Tukima's Dance           Hex            8%           65%         3
 Summon Ice Beast         Ice/Summ       17%          75%         4
 Summon Lightning Spire   Summ/Air       8%           91%         4
 Fireball                 Conj/Fire      4%           99%         5
 Freezing Cloud           Conj/Ice/Air   7%           100%        6
 Starburst                Conj/Fire      4%           100%        6
 Ignition                 Fire           4%           100%        8


Dungeon Overview and Level Annotations

Branches:
Dungeon (15/15)            Temple (1/1) D:5            Lair (6/6) D:10
  Swamp (1/4) Lair:2        Snake (4/4) Lair:3        Slime (0/5) Lair:5
    Orc (2/2) D:10            Elf (0/3) Orc:2        Vaults (0/5) D:14
 Depths (0/5) D:15          IceCv (visited)

Altars:
Ashenzari
Cheibriados
Dithmenos
Elyvilon
Gozag
Kikubaaqudgha
Makhleb
Nemelex Xobeh
Qazlal
Trog
Uskayaw
Vehumet
Yredelemnul
Zin
Jiyva

Shops:
D:5 [   D:7 =   D:8 (   D:10 **=   D:15 ==   Orc:2 (*!!   Snake:3 [[(

Annotations:
Lair:5 1 runed translucent door
Swamp:1 Kirke, Roxanne
Snake:1 2 transporters, Sunof's ghost, journeyman MfGl


Innate Abilities, Weirdness & Mutations

You cannot wear most types of armour.
You are very stealthy in the water. (Stealth+)
You are amphibious.
You can wear up to eight rings at the same time.
You can use your tentacles to constrict eight enemies at once.
Your skin changes colour to match your surroundings (Stealth+).
Your rubbery body absorbs attacks. (AC +1, EV +1)


Message History

* * * LOW HITPOINT WARNING * * *
x2 The anaconda constricts you.
An anaconda comes into view.
The guardian serpent hits you!
* * * LOW HITPOINT WARNING * * *
Okay, then.
As you read the scroll of fear, it crumbles to dust.
You assume a fearsome visage.
The anaconda resists with almost no effort.
The anaconda looks frightened!
The anaconda hisses angrily.
The black mamba looks frightened!
The salamander looks frightened!
The anaconda looks frightened!
The shock serpent looks frightened!
The guardian serpent resists with almost no effort.
The naga warrior looks frightened!
The naga easily resists.
You feel sick. The anaconda loses its grip on you.
The guardian serpent closely misses you.
The guardian serpent coils itself and waves its upper body at you.
The black mamba blinks!
The anaconda blinks!
The black mamba closely misses you. The anaconda closely misses you.
The anaconda bites you!
* * * LOW HITPOINT WARNING * * *
The anaconda grabs you.
You stop ascending the stairs.
The anaconda bites you.
* * * LOW HITPOINT WARNING * * *
x2 The anaconda constricts you.
The guardian serpent hits you!
* * * LOW HITPOINT WARNING * * *
Okay, then.
Blink to where?
Press: ? - help, Dir - move target You escape the anaconda's grasp.
As you read the scroll of blinking, it crumbles to dust.
You feel better.
The guardian serpent coils itself and waves its upper body at you.
The salamander blinks!
The naga warrior blinks!
The anaconda blinks!
The black mamba blinks!
The shock serpent blinks!
The anaconda blinks!
The naga blinks!
The naga warrior misses you. The naga warrior grabs you.
* * * LOW HITPOINT WARNING * * *
The naga warrior constricts you. The naga hits you with a +0 dire flail!
You die...
Your body crumbles into a pile of gold.

..# ..# ###..
##...## ##
##.....#..#.
##...........
#...SN....S.N
#..S@S.......
#..SNN.......
#......?....#
#..§§.......#
#§#..§......#
##.§§§.....§#
##.S......##
##§.#...##
########


You could see a naga warrior (catching breath), a salamander, 3 anacondas, a
shock serpent, a black mamba and a naga.

Vanquished Creatures
  5 nagarajas
  An orc warlord (Orc:1)
  Nessos (Orc:2)
  A bunyip (Swamp:1)
  Azrael (Orc:2)
  The ghost of Danufek the Martial Artist, a journeyman MfGl of Okawaru (Lair:4)
  3 fire dragons
  An eleionoma (Swamp:1)
  13 hydras
  A catoblepas (Lair:5)
  A rakshasa (D:15)
  6 naga warriors
  2 ghost crabs
  Erica (D:11)
  A boulder beetle (D:13)
  4 vault guards (D:14)
  4 ogre magi (Orc:2)
  2 death knights
  9 anacondas
  A centaur warrior (D:15)
  3 tengu warriors
  An alligator (Swamp:1)
  5 death yaks
  17 two-headed ogres
  4 shock serpents
  Urug (Orc:2)
  8 naga sharpshooters
  Sonja (D:11)
  An orc high priest (Orc:2)
  Nergalle (D:11)
  A skeletal warrior (D:14)
  2 goliath frogs (Swamp:1)
  4 salamander mystics
  2 unseen horrors
  2 sea snakes (Snake:2)
  5 naga ritualists
  A swamp dragon (Lair:6)
  3 bog bodies
  A necromancer (IceCv)
  3 deep elf pyromancers
  2 orc knights (Orc:2)
  9 mana vipers
  2 manticores
  11 ugly things
  An oklob plant (D:10)
  A wolf spider (Lair:6)
  8 salamanders
  9 elephants
  4 cyclopes
  43 black mambas
  10 naga magi
  A guardian serpent (shapeshifter) (D:14)
  5 guardian serpents
  4 ice statues (IceCv)
  3 torpor snails
  20 cane toads
  2 gargoyles
  3 kobold demonologists
  13 komodo dragons
  8 ice devils (IceCv)
  2 tengu conjurers
  5 rime drakes
  5 trolls
  3 tyrant leeches (Swamp:1)
  A polar bear (Lair:6)
  A meliai (shapeshifter) (D:14)
  4 slime creatures (D:15)
  4 hornets
  33 blink frogs
  7 dream sheep (Lair:6)
  2 shadows
  3 redbacks (Lair:6)
  A vampire (D:13)
  12 wyverns
  4 wraiths
  3 fire elementals
  35 yaks
  9 basilisks
  2 steam dragons
  A warg (Orc:1)
  2 vampire mosquitoes (Swamp:1)
  2 swamp worms (Swamp:1)
  27 nagas
  A soldier ant (D:12)
  19 water moccasins
  5 acid dragons
  3 hell hounds
  4 ice beasts
  16 orc warriors
  3 sky beasts
  4 black bears
  A hornet zombie (D:13)
  A swamp drake (Lair:6)
  A tengu (shapeshifter) (D:15)
  27 ogres
  24 wolves
  11 centaurs
  A phantom (D:7)
  4 kobold brigands
  Blork the orc (D:6)
  27 bullfrogs
  A gnoll sergeant (D:11)
  A water moccasin zombie (D:5)
  2 scorpions
  A wyvern skeleton (D:11)
  15 killer bees
  A water moccasin skeleton (D:9)
  14 wights
  7 electric eels
  A howler monkey (D:10)
  The ghost of Fenrir042 the Conjurer, a weakling GrCj (D:3)
  6 centaur zombies
  A jelly (D:14)
  4 quasits (D:5)
  2 draconian simulacra (IceCv)
  18 orc priests
  11 hounds
  An iron imp (D:6)
  Crazy Yiuf (D:6)
  6 centaur skeletons
  2 bullfrog skeletons (D:4)
  13 iguanas
  Jessica (D:2)
  9 worker ants
  Natasha (D:2)
  14 orc wizards
  A hell rat (Lair:4)
  A troll simulacrum (IceCv)
  A killer bee zombie (D:6)
  2 centaur simulacra (IceCv)
  A hound zombie (D:7)
  2 hound skeletons
  2 worker ant zombies
  11 gnolls
  10 adders
  2 naga simulacra (IceCv)
  3 ogre simulacra (IceCv)
  5 shadow imps
  2 white imps
  4 ufetubi
  3 oozes
  2 adder zombies (D:5)
  2 worms
  The ghost of tsouns the Sneak, a weakling HODe (D:5)
  3 dart slugs
  5 leopard geckos
  70 orcs
  7 giant cockroaches
  4 goblins
  6 hobgoblins
  15 jackals
  2 quokkas
  2 ball pythons
  6 bats
  4 frilled lizards
  18 kobolds
  A leopard gecko skeleton (D:4)
  A leopard gecko zombie (D:6)
  6 rats
944 creatures vanquished.

Vanquished Creatures (others)
  A bloated husk (Swamp:1)
  29 fungi
  110 plants
140 creatures vanquished.

Grand Total: 1084 creatures vanquished

Notes
Turn   | Place    | Note
-------+----------+-------------------------------------------
     0 | D:1      | wakim the Octopode Transmuter began the quest for the Orb.
     0 | D:1      | Reached XP level 1. HP: 13/13 MP: 3/3
   204 | D:1      | Reached XP level 2. HP: 11/18 MP: 3/5
   818 | D:2      | Reached XP level 3. HP: 12/23 MP: 4/6
   968 | D:1      | Learned a level 3 spell: Spider Form
  1054 | D:2      | Noticed Natasha
  1209 | D:2      | Noticed Jessica
  1232 | D:2      | Killed Jessica
  1233 | D:2      | Reached XP level 4. HP: 20/28 MP: 2/7
  1821 | D:2      | Found a white marble altar of Elyvilon.
  2399 | D:2      | Killed Natasha
  2400 | D:2      | Reached XP level 5. HP: 26/33 MP: 4/8
  2460 | D:2      | Reached skill level 1 in Poison Magic
  2664 | D:3      | Noticed an ogre
  2669 | D:3      | Killed an ogre
  2670 | D:3      | Reached skill level 3 in Dodging
  2670 | D:3      | Reached XP level 6. HP: 38/38 MP: 10/10
  2788 | D:3      | Found a white marble altar of Elyvilon.
  2819 | D:3      | Found a stormy altar of Qazlal.
  2821 | D:3      | Noticed an air elemental
  2822 | D:3      | Noticed a water elemental
  2822 | D:3      | Noticed a fire elemental
  3172 | D:3      | Found a large runed translucent door.
  3185 | D:3      | Found a large runed translucent door.
  3186 | D:3      | Noticed Fenrir042's ghost (weakling GrCj)
  3608 | D:4      | Found an opulent altar of Gozag.
  3616 | D:4      | Became a worshipper of Gozag Ym Sagoz the Greedy
  3802 | D:4      | Reached skill level 1 in Ice Magic
  3802 | D:4      | Reached XP level 7. HP: 43/43 MP: 11/11
  4224 | D:4      | Found an opulent altar of Gozag.
  4225 | D:4      | Found a sparkling altar of Nemelex Xobeh.
  4299 | D:5      | Entered Level 5 of the Dungeon
  4866 | D:5      | Reached skill level 5 in Transmutations
  4939 | D:5      | Found a transporter.
  4942 | D:5      | Noticed tsouns's ghost (weakling HODe)
  4979 | D:5      | Found a transporter.
  5100 | D:5      | Reached XP level 8. HP: 51/51 MP: 13/13
  5106 | D:5      | Reached skill level 4 in Dodging
  5231 | D:5      | Found Hoevo's Antique Armour Emporium.
  5240 | D:5      | Bought a buckler for 126 gold pieces
  5240 | D:5      | Bought a heavily runed hat for 252 gold pieces
  5245 | D:5      | Identified the +1 hat of Optimism {rF+ Str+3 Int-3 Stlth+}
                  | (You bought it in a shop on level 5 of the Dungeon)
  5378 | D:5      | Found a staircase to the Ecumenical Temple.
  5392 | Temple   | Entered the Ecumenical Temple
  5725 | D:6      | Reached skill level 1 in Shields
  5777 | D:6      | Found a broken altar of Ashenzari.
  6002 | D:6      | Reached skill level 5 in Unarmed Combat
  6120 | D:6      | Found a snail-covered altar of Cheibriados.
  6186 | D:6      | Noticed Blork the orc
  6201 | D:6      | Killed Blork the orc
  6212 | D:6      | Found a glowing silver altar of Zin.
  6288 | D:6      | Got a steaming mace
  6289 | D:6      | Identified the +4 mace "Cuazyqeg" {holy, rF+ Str+4} (You
                  | found it on level 6 of the Dungeon)
  6295 | D:6      | Found a runed translucent door.
  6296 | D:6      | Noticed Crazy Yiuf
  6302 | D:6      | Killed Crazy Yiuf
  6303 | D:6      | Reached XP level 9. HP: 57/57 MP: 15/15
  6490 | D:7      | Found a burning altar of Makhleb.
  7194 | D:7      | Found a broken altar of Ashenzari.
  7226 | D:7      | Learned a level 5 spell: Blade Hands
  7292 | D:7      | Reached skill level 5 in Dodging
  7324 | D:7      | Found Teqoirph's Jewellery Boutique.
  7864 | D:8      | Found Anifaeh's Antique Weapon Emporium.
  8532 | D:9      | Reached skill level 1 in Stealth
  8537 | D:9      | Found a shadowy altar of Dithmenos.
  8541 | D:9      | Found a hide-covered altar of Uskayaw.
  8543 | D:9      | Found a bloodstained altar of Trog.
  8563 | D:9      | Found a basalt altar of Yredelemnul.
  8566 | D:9      | Found a radiant altar of Vehumet.
  9004 | D:9      | Noticed a troll
  9265 | D:9      | Reached XP level 10. HP: 60/65 MP: 16/16
  9331 | D:9      | Found an ancient bone altar of Kikubaaqudgha.
  9569 | D:9      | Reached skill level 5 in Fighting
  9774 | D:10     | Entered Level 10 of the Dungeon
  9784 | D:10     | Noticed an oklob plant
  9972 | D:10     | Reached skill level 5 in Stealth
 10173 | D:10     | Found a staircase to the Lair.
 10252 | D:10     | Reached skill level 6 in Dodging
 10806 | D:10     | Found a staircase to the Orcish Mines.
 11074 | D:10     | Noticed a gargoyle
 11078 | D:10     | Killed a gargoyle
 11203 | D:10     | Killed an oklob plant
 11227 | Lair:1   | Entered Level 1 of the Lair of Beasts
 11227 | Lair:1   | Noticed a cane toad
 11241 | D:10     | Killed a cane toad
 11242 | D:10     | Reached XP level 11. HP: 66/72 MP: 11/18
 11374 | Lair:1   | Found a frozen archway.
 11387 | Lair:1   | Reached skill level 5 in Spellcasting
 11390 | Lair:1   | HP: 2/72 [water moccasin (6)]
 11398 | Lair:1   | Reached skill level 7 in Dodging
 11405 | IceCv    | Entered an ice cave
 11955 | IceCv    | Learned a level 4 spell: Ice Form
 13754 | IceCv    | Noticed a necromancer
 13764 | IceCv    | Killed a necromancer
 13774 | IceCv    | Got a crude short sword
 14048 | Lair:1   | Reached XP level 12. HP: 81/81 MP: 15/19
 14182 | Lair:1   | Got a crude hand crossbow
 14232 | Lair:1   | You fall into a shaft and drop 1 floor!
 14238 | Lair:2   | Reached skill level 8 in Dodging
 14363 | Lair:2   | Identified the +1 short sword "Wetileg" {freeze, +Rage
                  | rElec Str+5 Dex-5} (You found it in an ice cave)
 14365 | Lair:2   | Identified the +3 hand crossbow "Yneittaxt" {elec, Will++}
                  | (You found it on level 1 of the Lair of Beasts)
 14685 | Lair:1   | You fall into a shaft and drop 1 floor!
 14689 | Lair:2   | Reached skill level 10 in Transmutations
 14746 | Lair:2   | Found a staircase to the Swamp.
 14768 | Lair:2   | Reached skill level 1 in Crossbows
 14875 | Lair:2   | Noticed an eight-headed hydra
 14894 | Lair:2   | Reached skill level 10 in Unarmed Combat
 15881 | D:7      | Bought a ring of protection from fire for 350 gold pieces
 15881 | D:7      | Bought a ring of see invisible for 210 gold pieces
 15881 | D:7      | Bought a +4 ring of evasion for 504 gold pieces
 15881 | D:7      | Bought a +4 ring of evasion for 504 gold pieces
 15881 | D:7      | Bought a ring of protection from cold for 350 gold pieces
 15992 | D:3      | Killed Fenrir042's ghost
 16130 | D:5      | Killed tsouns's ghost
 16460 | Lair:2   | Killed an eight-headed hydra
 16645 | Lair:2   | Noticed a six-headed hydra
 16743 | Lair:2   | Reached skill level 9 in Dodging
 16921 | Lair:2   | Identified a scroll of acquirement
 16921 | Lair:2   | Acquired the ring of Mishes {+Fly rPois rF- MP+9 SInv}
 17029 | Lair:2   | Killed a six-headed hydra
 17033 | Lair:2   | Reached XP level 13. HP: 62/89 MP: 20/20
 17773 | Lair:3   | Found a staircase to the Snake Pit.
 19383 | Lair:3   | Reached skill level 5 in Crossbows
 19383 | Lair:3   | Reached XP level 14. HP: 97/97 MP: 23/23
 19924 | Lair:4   | Reached skill level 10 in Stealth
 19971 | Lair:4   | Found a runed translucent gate.
 19972 | Lair:4   | Found a runed translucent gate.
 19973 | Lair:4   | Found a runed translucent gate.
 19978 | Lair:4   | Noticed Danufek's ghost (journeyman MfGl)
 20030 | Lair:4   | Killed Danufek's ghost
 20031 | Lair:4   | Reached skill level 10 in Dodging
 21066 | Lair:5   | Reached skill level 10 in Fighting
 21066 | Lair:5   | Reached XP level 15. HP: 103/103 MP: 25/25
 21382 | Lair:5   | Found a runed translucent door.
 21387 | Lair:5   | Found a viscous altar of Jiyva.
 21400 | Lair:5   | Found a staircase to the Slime Pits.
 21576 | Lair:5   | Reached XP level 16. HP: 110/110 MP: 27/27
 22025 | Lair:6   | Entered Level 6 of the Lair of Beasts
 22346 | Lair:6   | Reached skill level 11 in Dodging
 23542 | Lair:6   | Found the +9 sword of Zonguldrok {reap}
 24550 | D:11     | Noticed Nergalle
 24603 | D:11     | Noticed Sonja
 24607 | D:11     | Killed Sonja
 24611 | D:11     | Killed Nergalle
 25050 | D:11     | Noticed Erica
 25066 | D:11     | Killed Erica
 25433 | D:11     | Got a transparent arbalest
 25436 | D:11     | Identified the +0 arbalest of Satyriasis {freeze, +Fly rF-
                  | Dex+5 SInv} (You found it on level 11 of the Dungeon)
 26033 | D:12     | Got a flickering ivory ring
 26035 | D:12     | Identified the ring "Xefar" {rPois rN+ Dex+2} (You found it
                  | on level 12 of the Dungeon)
 26301 | D:12     | Got a scintillating bone ring
 26303 | D:12     | Identified the ring of the Wild Haggis {+Fly rElec rN+
                  | Stlth+} (You found it on level 12 of the Dungeon)
 26476 | D:10     | Bought the ring "Olinog" {rPois AC+4 Int+3 SInv} for 1038
                  | gold pieces
 27425 | D:13     | Reached skill level 5 in Poison Magic
 27638 | D:13     | Reached XP level 17. HP: 111/119 MP: 25/29
 28111 | D:14     | Found a gate to the Vaults.
 28122 | D:14     | Reached skill level 12 in Dodging
 28940 | D:15     | Entered Level 15 of the Dungeon
 30304 | D:15     | Found a staircase to the Depths.
 30369 | D:15     | Reached skill level 5 in Shields
 30848 | Orc:1    | Entered Level 1 of the Orcish Mines
 30932 | Orc:1    | Reached skill level 13 in Dodging
 31320 | Orc:2    | Entered Level 2 of the Orcish Mines
 31320 | Orc:2    | Noticed Azrael
 31321 | Orc:2    | Noticed Urug
 31325 | Orc:2    | Killed Azrael
 31335 | Orc:2    | Killed Urug
 31639 | Orc:2    | Noticed Nessos
 31969 | Orc:2    | Killed Nessos
 32190 | Orc:2    | Found a staircase to the Elven Halls.
 32611 | Orc:2    | Paralysed by an ogre mage for 5 turns
 33112 | Orc:2    | Found Muvadom's Distillery.
 33112 | Orc:2    | Found Muoril's General Store.
 33114 | Orc:2    | Found Wybbis's Distillery.
 33114 | Orc:2    | Found Weneq's Antique Weapon Boutique.
 34002 | Swamp:1  | Entered Level 1 of the Swamp
 34029 | Swamp:1  | HP: 5/144 [ghost crab (14)]
 34418 | Swamp:1  | Identified Roxanne's Handbook of the Mountains
 34418 | Swamp:1  | Noticed Roxanne
 34452 | Swamp:1  | Reached XP level 18. HP: 56/127 MP: 30/30
 35254 | Swamp:1  | Noticed Kirke
 35541 | D:15     | Bought a ring of resist corrosion for 300 gold pieces
 35684 | Snake:1  | Entered Level 1 of the Snake Pit
 35697 | Snake:1  | Reached skill level 14 in Dodging
 36312 | Lair:3   | HP: 5/127 [mana viper (17)]
 37952 | Snake:1  | Found a transporter.
 37955 | Snake:1  | Noticed Sunof's ghost (journeyman MfGl)
 38134 | Snake:1  | Found a transporter.
 38151 | Snake:1  | You fall into a shaft and drop 1 floor!
 40691 | Snake:3  | Found Ecsuul's Armour Emporium.
 40695 | Snake:3  | Found Rusorut's Armour Emporium.
 43057 | Snake:3  | Reached XP level 19. HP: 70/134 MP: 31/31
 43298 | Snake:3  | Reached skill level 15 in Dodging
 43668 | Snake:4  | Entered Level 4 of the Snake Pit
 43685 | Snake:4  | Slain by a naga

Illustrated notes

Levels and vault maps discovered:
D:1:      scummos_arrival_star, layout_basic
D:2:      layout_basic, elyvilon_altar_3, uniq_jessica, uniq_natasha
D:3:      layout_loops_ring, marbit_many_paths,
          nicolae_qazlal_style_of_elements, ebering_ghost_disaster_area,
          minmay_misc_feat_iff
D:4:      layout_cave_pools, grunt_temple_overflow_opulence, grunt_gozag_statues
D:5:      layout_cave_pools, temple_green, serial_shops, nicolae_shop_crystal,
          gammafunk_ghost_stat_death
D:6:      layout_cave_pools, slow_altar_1, lemuel_round_altar,
          ashenzari_altar_1, uniq_crazy_yiuf_cottage, uniq_blork_the_orc
D:7:      layout_rooms, kennysheep_little_box, lightli_temple_of_fire,
          serial_shops, nicolae_shop_window_shopping
D:8:      layout_loops_ring, serial_shops, nicolae_shop_crystal
D:9:      layout_roguey, lemuel_round_altar, minmay_overflow_temple_star_hex,
          minmay_fractal_squares_gapless_7
D:10:     layout_basic, dpeg_oklobed_lair, orc_0_dummy
D:11:     layout_basic, serial_aquarium, aquarium_bridge_square
          [aquarium_subvault_bridge, aquarium_subvault_window,
          aquarium_subvault_bridge, aquarium_subvault_bridge],
          aquarium_bridge_straight [aquarium_subvault_bridge,
          aquarium_subvault_window, aquarium_subvault_bridge,
          aquarium_subvault_wall], aquarium_window_2, aquarium_window_fake,
          aquarium_view_2d, aquarium_balcony_5b, uniq_erica, uniq_nergalle,
          uniq_sonja
D:12:     layout_irregular_city, minmay_orc_keep
D:13:     layout_cave_pools
D:14:     layout_gridville, lightli_vaults_fourway_checkpoint,
          minmay_crystal_water
D:15:     grunt_enter_depths_hoard, layout_stronghold, minmay_misc_feat_five,
          minmay_misc_feat_alley
Temple:   corrupted_temple
Lair:1:   layout_layer_cave, portal_ice_cave_entry_pillars_2,
          infiniplex_staircase_pool_2
Lair:2:   layout_cave_pods, skrybe_swamp_entry_bodies, grunt_megastairs_5
Lair:3:   layout_cave_pods, minmay_snake_entry_guardpost_small
Lair:4:   nzn_winding_woodlands_stair_trap
          [nzn_winding_woodlands_5x15_river_crossing,
          nzn_winding_woodlands_5x15_lazy_stream,
          nzn_winding_woodlands_5x15_eye, nzn_winding_woodlands_15x15_eel_pit,
          nzn_winding_woodlands_5x15_pockets, nzn_winding_woodlands_5x15_jagged,
          nzn_winding_woodlands_5x15_cabin], layout_layer_cave,
          gammafunk_ghost_split, serial_bayou_shore_a, infiniplex_staircase_pool
Lair:5:   layout_cave_pods, slime_altar_2, grunt_megastairs_3,
          serial_bayou_shore_b
Lair:6:   guppyfry_lair_end_dragon, layout_hall_layers,
          hangedman_lair_tendril_chambers
Swamp:1:  layout_falls_marsh, evilmike_swamp_ruin_house_2,
          nicolae_swamp_feature_on_the_river_bank, uniq_roxanne, uniq_kirke
Snake:1:  layout_basic, gammafunk_ghost_arena, grunt_ministairs_8
Snake:2:  layout_onion_interference, guppyfry_snake_island, serial_bayou_shore_b
Snake:3:  layout_grid_maze, special_room, nrook_guardian_serpent_ordinary,
          serial_bayou_shore_b, minmay_shop_star, serial_bayou_shore_b,
          grunt_megastairs_1
Snake:4:  grunt_snake_rune_serpentine_throne, layout_concentric_octagons,
          basic_altar, serial_bayou_shore_b
Orc:1:    layout_caves, basic_altar, uniq_josephine
Orc:2:    st_orc_ogre_mass, layout_caves, uniq_nessos, uniq_urug, uniq_azrael

Skill      XL: |  1  2  3  4  5  6  7  8  9 10 11 12 13 14 15 16 17 18 19 |
---------------+----------------------------------------------------------+-----
Transmutations | 3 4 5 6 7 8 9 10 11 12 | 12.6
Poison Magic   | 2 3 5 |  5.0
Dodging        | 3 4 5 6 7 9 10 11 13 14 15 | 15.0
Spellcasting   | 3 4 5 6 7 8 |  8.0
Unarmed Combat | 4 5 6 7 9 10 11 12 13 14 | 14.6
Ice Magic      | 1 2 4 |  4.0
Fighting       | 2 3 4 6 7 8 9 10 11 12 13 | 13.4
Shields        | 2 4 6 8 |  8.1
Stealth        | 3 7 9 11 12 | 12.0
Crossbows      | 4 5 6 7 8 9 |  9.4

Action                   |  1- 3 |  4- 6 |  7- 9 | 10-12 | 13-15 | 16-18 | 19-21 || total
-------------------------+-------+-------+-------+-------+-------+-------+-------++-------
Melee: Unarmed           |    50 |    66 |   231 |   350 |   191 |  1123 |    46 ||  2057
       Constrict         |    16 |     7 |     6 |    39 |    18 |   135 |     1 ||   222
       Kick              |     6 |     5 |       |       |       |       |       ||    11
       Tentacles         |     7 |     3 |    11 |    52 |    48 |   200 |     6 ||   327
       Punch             |     1 |       |     1 |    20 |    15 |   115 |     6 ||   158
 Fire: Hunting sling     |       |    62 |   169 |    95 |    34 |   112 |       ||   472
       Hand crossbow     |       |       |       |       |     5 |    18 |       ||    23
Throw: Boomerang         |       |     8 |       |       |       |       |       ||     8
 Cast: Beastly Appendage |    19 |     5 |       |       |       |       |       ||    24
       Spider Form       |       |    10 |    37 |     5 |       |       |       ||    52
       Blade Hands       |       |       |     4 |    53 |    37 |   141 |     4 ||   239
       Ice Form          |       |       |       |     7 |     6 |    12 |       ||    25
Invok: Call Merchant     |       |       |       |       |       |     5 |     1 ||     6
  Use: Scroll            |       |     5 |    11 |     4 |     9 |     6 |     3 ||    38
       Potion            |       |       |       |     2 |     2 |     4 |     1 ||     9
 Stab: Sleeping          |     3 |     2 |     2 |     7 |     4 |    34 |     1 ||    53
       Distracted        |       |       |     1 |     4 |     2 |    12 |       ||    19
Armor: Skin              |     5 |     3 |     7 |    25 |     7 |   105 |     4 ||   156
Dodge: Dodged            |    40 |    58 |   187 |   228 |   125 |   786 |    53 ||  1477
Block: Buckler           |       |       |     4 |    14 |     4 |    11 |       ||    33
       Other             |       |       |       |    66 |    32 |   139 |       ||   237
       Reflection        |       |       |       |     4 |       |    18 |       ||    22
       Kite shield       |       |       |       |       |       |    43 |     7 ||    50

Table legend: (Time is in decaauts)
 A = Elapsed time spent in this place.
 B = Non-inter-level travel time spent in this place.
 C = Inter-level travel time spent in this place.
 D = Time resting spent in this place.
 E = Time spent auto-exploring this place.
 F = Levels seen in this place.
 G = Mean time per level.
                   A        B        C        D        E       F      G
               +--------+--------+--------+--------+--------+-----+--------+
         Total |  43476 |  41287 |   2189 |  16733 |  16027 |  30 | 1449.2 |
       Dungeon |  18222 |  16765 |   1457 |   4849 |   7873 |  15 | 1214.8 |
        Temple |      1 |      1 |      0 |      0 |      0 |   1 |    1.0 |
          Lair |  12437 |  11863 |    574 |   4987 |   4811 |   6 | 2072.8 |
         Swamp |    816 |    816 |      0 |    636 |     51 |   1 |  816.0 |
     Snake Pit |   6460 |   6390 |     70 |   2991 |   2223 |   4 | 1615.0 |
  Orcish Mines |   3031 |   2943 |     88 |   1483 |    841 |   2 | 1515.5 |
      Ice Cave |   2506 |   2506 |      0 |   1786 |    228 |   1 | 2506.0 |
               +--------+--------+--------+--------+--------+-----+--------+

Top non-repeatable levels by time:
  Lair:3: 3408 daAuts
 Snake:3: 2785 daAuts
  Lair:2: 2708 daAuts
   IceCv: 2506 daAuts
  Lair:6: 2301 daAuts
 Snake:2: 2001 daAuts
     D:2: 1722 daAuts
    D:10: 1665 daAuts
 Snake:1: 1658 daAuts
  Lair:4: 1621 daAuts
   Orc:1: 1542 daAuts
    D:14: 1516 daAuts
   Orc:2: 1489 daAuts
    D:12: 1432 daAuts
  Lair:1: 1417 daAuts
